 Dungeon Crawl Stone Soup version 0.23.1-41-g7e51ed32d8 (webtiles) character file.

Game seed: 5227838123263848777

240 Marnok the Cudgeler (level 5, -8/40 HPs)
             Began as a Demonspawn Gladiator on Mar 30, 2019.
             Mangled by an orc warrior
             ... wielding a +0 war axe
              (17 damage)
             ... on level 3 of the Dungeon.
             The game lasted 00:05:19 (1734 turns).

Marnok the Cudgeler (Demonspawn Gladiator)          Turns: 1734, Time: 00:05:20

Health: -8/40      AC:  6    Str: 15    XL:     5   Next: 80%
Magic:  5/5        EV: 13    Int:  9    God:
Gold:   83         SH:  0    Dex: 15    Spells: 4/4 levels left

rFire    . . .     SeeInvis .   a - +0 flail
rCold    . . .     Gourm    .   (no shield)
rNeg     . . .     Faith    .   h - +0 ring mail (curse)
rPois    .         Spirit   .   c - +0 helmet
rElec    .         Reflect  .   (no cloak)
rCorr    .         Harm     .   (no gloves)
MR       .....                  (no boots)
Stlth    +.........             m - amulet of regeneration
HPRegen  0.53/turn              (no ring)
MPRegen  0.09/turn              (no ring)

@: no status effects
A: talons 1, sturdy frame 1
a: no special abilities


You were on level 3 of the Dungeon.
You were not hungry.

You visited 1 branch of the dungeon, and saw 3 of its levels.

You collected 83 gold pieces.

Inventory:

Hand Weapons
 a - a +0 flail (weapon)
Missiles
 d - 3 throwing nets (quivered)
Armour
 b - a +0 leather armour
 c - a +0 helmet (worn)
 h - a cursed +0 ring mail (worn)
Jewellery
 m - an amulet of regeneration (around neck)
Scrolls
 e - a scroll of amnesia {unknown}
 i - 2 scrolls of identify {unknown}
 k - a scroll of enchant weapon {unknown}
 n - a scroll of blinking {unknown}
Potions
 g - a potion of heal wounds {unknown}
 j - a potion of resistance {unknown}
Comestibles
 f - 6 rations


   Skills:
 + Level 2.9 Fighting
 + Level 4.6 Maces & Flails
 + Level 1.7 Throwing
 + Level 1.0 Armour
 + Level 3.5 Dodging
 + Level 1.2 Stealth


You had 4 spell levels left.
You didn't know any spells.
Your spell library was empty.

Dungeon Overview and Level Annotations

Branches:
Dungeon (3/15)

Altars:


Innate Abilities, Weirdness & Mutations

You have sharp toenails.
Your movements are slightly less encumbered by armour. (ER -2)


Message History

The orc shouts!
The bat closely misses you.
The orc priest looks satisfied for a moment.
The orc warrior hits you with a +0 war axe!!
Things that are here:
a +0 ring mail; a wand of paralysis (2)
The bat barely misses you.
An orc comes into view. It is wielding a +0 hand axe.
You closely miss the bat.
The orc shouts!
The kobold shouts!
Your kick misses the bat. The bat barely misses you.
The orc priest looks braver for a moment.
The orc warrior hits you with a +0 war axe!
* * * LOW HITPOINT WARNING * * *
The orc wizard shouts!
The bat closely misses you.
There is a stone staircase leading up here.
The bat closely misses you.
The orc warrior hits you with a +0 war axe!
You die...

##'##
##o..##
##.....##
##.......##
#....o....#
+...o.....+
#...[.....#
##.o.....##
##@b...##
##...##
##+##


You could see an orc warrior, an orc priest, an orc wizard, an orc and a bat.

Vanquished Creatures
  Sigmund (D:2)
  Ijyb (D:3)
  3 worms (D:2)
  5 bats
  8 goblins
  7 hobgoblins
  4 jackals (D:1)
  7 kobolds
  A quokka (D:2)
  4 frilled lizards
  9 rats
50 creatures vanquished.

Notes
Turn   | Place    | Note
-------+----------+-------------------------------------------
     0 | D:1      | Marnok the Demonspawn Gladiator began the quest for the
                  | Orb.
     0 | D:1      | Reached XP level 1. HP: 16/16 MP: 1/1
    69 | D:1      | Reached skill level 3 in Maces & Flails
   111 | D:1      | Gained mutation: You have sharp toenails. [demonic
                  | ancestry]
   111 | D:1      | Reached XP level 2. HP: 18/22 MP: 2/2
   398 | D:1      | Gained mutation: Your movements are slightly less
                  | encumbered by armour. (ER -2) [demonic ancestry]
   398 | D:1      | Reached XP level 3. HP: 16/27 MP: 3/3
   598 | D:2      | Noticed Sigmund
  1626 | D:2      | Killed Sigmund
  1626 | D:2      | Reached skill level 4 in Maces & Flails
  1626 | D:2      | Reached skill level 1 in Stealth
  1626 | D:2      | Reached XP level 4. HP: 34/34 MP: 4/4
  1626 | D:2      | Reached XP level 5. HP: 40/40 MP: 5/5
  1713 | D:3      | Noticed Ijyb
  1717 | D:3      | Paralysed by Ijyb for 4 turns
  1723 | D:3      | Noticed an orc warrior
  1727 | D:3      | Killed Ijyb
  1727 | D:3      | Reached skill level 1 in Armour
  1734 | D:3      | Mangled by an orc warrior

Skill      XL: |  1  2  3  4  5 |
---------------+----------------+-----
Maces & Flails | 3 4 |  4.6
Dodging        | 3 |  3.5
Stealth        | 1 |  1.2
Armour         | 1 |  1.0
Fighting       | |  2.9
Throwing       | |  1.7

Action                   |  1- 3 |  4- 6 || total
-------------------------+-------+-------++-------
Melee: Flail             |   136 |    11 ||   147
       Kick              |    19 |     3 ||    22
  Use: Potion            |     1 |       ||     1
 Stab: Sleeping          |     2 |       ||     2
  Eat: Chunk             |     2 |     1 ||     3
Armor: Leather armour    |    42 |       ||    42
       Ring mail         |       |    10 ||    10
Dodge: Dodged            |   129 |    19 ||   148
